 Dungeon Crawl Stone Soup version 0.31-a0-1469-gd420192249 (webtiles) character file.

Game seed: 1432983784436614309

549231 grandjackal the Hand of Fortune (level 24, -49/227 HPs)
             Began as a Demonspawn Gladiator on Dec 29, 2023.
             Was the Champion of Nemelex Xobeh.
             Killed from afar by an orb of fire (86 damage)
             ... with a fireball
             ... on level 2 of the Realm of Zot.
             The game lasted 01:42:27 (63996 turns).

grandjackal the Hand of Fortune (DsGl)             Turns: 63996, Time: 01:42:27

Health: -49/227    AC: 35    Str: 15    XL:     24   Next: 68%
Magic:  40/40      EV: 24    Int: 10    God:    Nemelex Xobeh [******]
Gold:   4128       SH:  0    Dex: 26    Spells: 23/23 levels left

rFire   . . .        g - +8 pair of quick blades "Gyre" and "Gimble" {protect}
rCold   . . .        (shield currently unavailable)
rNeg    + + +        Q - quicksilver dragon scales
rPois   .            a - +2 hat {Will+}
rElec   +            J - +2 cloak {rCorr}
rCorr   +            F - +2 pair of gloves {hurl}
SInv    .            (boots unavailable)
Will    +++..        u - amulet "Coquep" {rN+ Regen+ Dex+3 Stlth+}
Stlth   +++++++      c - ring of positive energy
HPRegen 1.37/turn    D - ring of positive energy
MPRegen 0.27/turn

%: no passive effects
@: under a protective aura, hasted, studying 2 skills, very quick
A: hooves 3, thin metallic scales 3, ignite blood 3, spiny 2, augmentation 2,
clumsy 1
}: 3/15 runes: decaying, abyssal, gossamer
a: Renounce Religion, Draw Escape, Draw Destruction, Draw Summoning, Triple
Draw, Deal Four, Stack Five


You were on level 2 of the Realm of Zot.
You worshipped Nemelex Xobeh.
Nemelex Xobeh was exalted by your worship.
You visited 11 branches of the dungeon, and saw 47 of its levels.
You visited the Abyss 2 times.
You also visited: Trove, Ossuary, Gauntlet, Ice Cave and Wizlab.

You collected 7458 gold pieces.
You spent 3330 gold pieces at shops.

Inventory:

Hand Weapons
 g - the +8 pair of quick blades "Gyre" and "Gimble" (weapon) {protect}
   (You bought it in a shop on level 1 of the Dungeon)
 y - the +8 arc blade {discharge, rElec}
   (You found it on level 1 of the Depths)

   rElec:     It insulates you from electricity.
Missiles
 d - 5 throwing nets (quivered)
 e - 19 javelins
Armour
 a - a +2 hat of willpower (worn)
 F - a +2 pair of gloves of hurling (worn)
 J - a +2 cloak of preservation (worn)
 Q - quicksilver dragon scales (worn)
 V - +4 gold dragon scales
Jewellery
 b - a ring of protection from fire
 c - a ring of positive energy (left hand)
 p - the brooch of Shielding {Spirit SH+8}
   (You found it in a treasure trove)

   [amulet of guardian spirit]

   Spirit:    It causes incoming damage to be divided between your reserves of
   health and magic.
   SH+8:      It affects your SH (+8).
 t - a ring of poison resistance
 u - the amulet "Coquep" (around neck) {rN+ Regen+ Dex+3 Stlth+}
   (You found it on level 3 of the Crypt)

   [amulet of regeneration]

   Dex+3:     It affects your dexterity (+3).
   rN+:       It protects you from negative energy.
   Regen+:    It increases your rate of health regeneration.
   Stlth+:    It makes you more stealthy.
 z - the ring "Poev" {^Contam +Blink rN+ rCorr Str+4}
   (You found it on level 3 of the Crypt)

   [ring of positive energy]

   Str+4:     It affects your strength (+4).
   rN+:       It protects you from negative energy.
   +Blink:    It lets you blink.
   ^Contam:   It causes magical contamination when unequipped.
   rCorr:     It protects you from acid and corrosion.
 D - a ring of positive energy (right hand)
 H - the ring "Raav" {Fly rC+ Str-4 Dex+3 SInv}
   (You found it in a treasure trove)

   [ring of protection from cold]

   Str-4:     It affects your strength (-4).
   Dex+3:     It affects your dexterity (+3).
   rC+:       It protects you from cold.
   SInv:      It lets you see invisible.
   Fly:       It grants you flight.
 M - a ring of protection from cold
 P - the ring "Ufibioll" {+Blink EV+5 Int+2 SInv}
   (You found it in an ice cave)

   [ring of evasion]

   EV+5:      It affects your evasion (+5).
   Int+2:     It affects your intelligence (+2).
   SInv:      It lets you see invisible.
   +Blink:    It lets you blink.
 S - the ring of Gouth {Fly rF+}
   (You found it in a treasure trove)

   [ring of protection from fire]

   rF+:       It protects you from fire.
   Fly:       It grants you flight.
 W - the ring "Umma" {+Blink rElec rC+ Str-3 Int+2}
   (You found it in a treasure trove)

   [ring of protection from cold]

   Str-3:     It affects your strength (-3).
   Int+2:     It affects your intelligence (+2).
   rC+:       It protects you from cold.
   rElec:     It insulates you from electricity.
   +Blink:    It lets you blink.
Wands
 l - a wand of mindburst (6)
 I - a wand of iceblast (41)
 Z - a wand of digging (12)
Scrolls
 i - a scroll of torment
 k - 6 scrolls of fog
 n - 3 scrolls of vulnerability
 o - 26 scrolls of identify
 q - 10 scrolls of fear
 r - 8 scrolls of teleportation
 s - 12 scrolls of poison
 v - a scroll of silence
 x - 2 scrolls of blinking
 C - 4 scrolls of immolation
 T - a scroll of summoning
 U - 8 scrolls of revelation
Potions
 j - 17 potions of lignification
 m - 12 potions of curing
 w - 15 potions of might
 A - 3 potions of cancellation
 B - 6 potions of haste
 E - 5 potions of berserk rage
 G - 13 potions of mutation
 K - 7 potions of ambrosia
 L - 14 potions of heal wounds
 N - 10 potions of resistance
 O - 5 potions of magic
 R - 8 potions of enlightenment
 Y - 3 potions of invisibility
Miscellaneous
 f - a lightning rod (4/4)
 h - a phantom mirror


   Skills:
 O Level 27 Fighting
 - Level 12.4 Short Blades
 - Level 2.8 Axes
 - Level 2.0 Throwing
 + Level 15.1 Armour
 + Level 15.1 Dodging
 + Level 16.0 Stealth
 O Level 27 Invocations


You had 23 spell levels left.
You didn't know any spells.
Your spell library contained the following spells:

 Spells                   Type           Power      Damage    Failure   Level
 Apportation              Tloc           0%         N/A       52%         1
 Foxfire                  Conj/Fire      0%         2x1d4     52%         1
 Freeze                   Ice            0%         1d3       52%         1
 Kiss of Death            Conj/Necr      0%         2d5       52%         1
 Necrotise                Necr           0%         1d4       52%         1
 Slow                     Hex            0%         N/A       52%         1
 Sting                    Conj/Alch      0%         1d3       52%         1
 Summon Small Mammal      Summ           0%         N/A       52%         1
 Blink                    Tloc           0%         N/A       65%         2
 Call Imp                 Summ           0%         N/A       65%         2
 Cigotuvi's Dreadful Rot  Necr/Alch/Air  0%         N/A       65%         2
 Ensorcelled Hibernation  Hex/Ice        0%         N/A       65%         2
 Jinxbite                 Hex            0%         N/A       65%         2
 Lesser Beckoning         Tloc           0%         N/A       65%         2
 Momentum Strike          Conj/Tloc      0%         3d8       65%         2
 Sublimation of Blood     Necr           0%         N/A       65%         2
 Confusing Touch          Hex            0%         N/A       87%         3
 Dazzling Flash           Conj/Hex       0%         N/A       87%         3
 Frozen Ramparts          Ice            0%         1d1       87%         3
 Fugue of the Fallen      Necr           0%         N/A       87%         3
 Gell's Gravitas          Tloc           0%         N/A       87%         3
 Hailstorm                Conj/Ice       0%         3d5       87%         3
 Mephitic Cloud           Conj/Alch/Air  0%         N/A       87%         3
 Ozocubu's Armour         Ice            0%         N/A       87%         3
 Passwall                 Erth           0%         N/A       87%         3
 Sigil of Binding         Hex            0%         N/A       87%         3
 Summon Ice Beast         Ice/Summ       0%         N/A       87%         3
 Swiftness                Air            0%         N/A       87%         3
 Teleport Other           Tloc           0%         N/A       87%         3
 Tukima's Dance           Hex            0%         N/A       87%         3
 Vampiric Draining        Necr           0%         2d6       87%         3
 Volatile Blastmotes      Fire/Tloc      0%         2d10      87%         3
 Anguish                  Hex/Necr       0%         N/A       99%         4
 Cause Fear               Hex            0%         N/A       99%         4
 Dimensional Bullseye     Hex/Tloc       0%         N/A       99%         4
 Dispel Undead            Necr           0%         3d6       99%         4
 Fulminant Prism          Conj/Alch      0%         3d5       99%         4
 Ignite Poison            Fire/Alch      0%         N/A       99%         4
 Iskenderun's Mystic Bla  Conj/Tloc      0%         2d3       99%         4
 Manifold Assault         Tloc           0%         N/A       99%         4
 Olgreb's Toxic Radiance  Alch           0%         N/A       99%         4
 Passage of Golubria      Tloc           0%         N/A       99%         4
 Petrify                  Alch/Erth      0%         N/A       99%         4
 Sticky Flame             Fire/Alch      0%         2d4       99%         4
 Curse of Agony           Necr           0%         N/A       100%        5
 Fireball                 Conj/Fire      0%         3d3       100%        5
 Irradiate                Conj/Alch      0%         3d11      100%        5
 Metabolic Englaciation   Hex/Ice        0%         N/A       100%        5
 Silence                  Hex/Air        0%         N/A       100%        5
 Summon Forest            Summ/Tloc      0%         N/A       100%        5
 Yara's Violent Unravell  Hex/Alch       0%         3d3       100%        5
 Conjure Ball Lightning   Conj/Air       0%         3x3d6     100%        6
 Death Channel            Necr           0%         N/A       100%        6
 Dispersal                Tloc           0%         N/A       100%        6
 Eringya's Noxious Bog    Alch           0%         4d6       100%        6
 Plasma Beam              Fire/Air       0%         2x1d10    100%        6
 Sculpt Simulacrum        Ice/Alch       0%         N/A       100%        6
 Starburst                Conj/Fire      0%         6d3       100%        6
 Enfeeble                 Hex            0%         N/A       100%        7
 Haunt                    Necr/Summ      0%         N/A       100%        7
 Malign Gateway           Summ/Tloc      0%         N/A       100%        7
 Ozocubu's Refrigeration  Ice            0%         4d7       100%        7
 Summon Hydra             Summ           0%         N/A       100%        7
 Borgnjor's Revivificati  Necr           0%         N/A       100%        8
 Discord                  Hex            0%         N/A       100%        8
 Disjunction              Tloc           0%         N/A       100%        8
 Ignition                 Fire           0%         3d3       100%        8
 Infestation              Necr           0%         N/A       100%        8
 Summon Horrible Things   Summ           0%         N/A       100%        8
 Chain Lightning          Conj/Air       0%         N/A       100%        9
 Dragon's Call            Summ           0%         N/A       100%        9
 Fire Storm               Conj/Fire      0%         5d1       100%        9
 Shatter                  Erth           0%         3d5*      100%        9


Dungeon Overview and Level Annotations

Branches:
Dungeon (15/15)            Temple (1/1) D:5            Lair (5/5) D:8
  Swamp (4/4) Lair:2       Spider (4/4) Lair:2        Slime (0/5) Lair:4
    Orc (2/2) D:10            Elf (3/3) Orc:2        Vaults (4/5) D:13
  Crypt (3/3) Vaults:3       Tomb (0/3) Crypt:3      Depths (4/4) D:15
    Zot (2/5) Depths:4    Ossuary (visited)           IceCv (visited)
 WizLab (visited)         Gauntlet (visited)

Altars:
Ashenzari
Cheibriados
Dithmenos
Fedhas
Gozag
Hepliaklqana
Kikubaaqudgha
Makhleb
Nemelex Xobeh
Okawaru
Qazlal
Ru
Sif Muna
Trog
Uskayaw
Vehumet
Wu Jian
Xom
Yredelemnul
Lugonu

Shops:
D:1 (   D:4 =   D:5 (   D:14 (   Orc:2 (:[(   Elf:1 [(*(*   Elf:2 (
Vaults:3 *   Depths:1 !

Portals:
Hell: Depths:1 Depths:2 Depths:3 Depths:4
Abyss: Depths:1 Depths:3
Pandemonium: Depths:1 Depths:2 Depths:4
Ziggurat: Depths:2

Annotations:
D:5 2 transporters, Azoth's ghost, novice DEFE
Swamp:4 Roxanne
Elf:2 3 runed translucent doors
Depths:3 1 runed translucent door, Qowilec's ghost, adept VSFi
Zot:1 1 transporter


Innate Abilities, Weirdness & Mutations

You have hooves in place of feet.
You are completely covered in thin metallic scales. (AC +4, rElec)
Your demonic aura causes all spilled blood to erupt in flames.
You are mostly covered in sharp spines.
Your magical and physical power is enhanced at high health.
You are clumsy. (Dex -2)


Message History

Unknown command.
You hit the orb of fire but do no damage.
You barely miss the orb of fire. You kick the orb of fire.
You hit the orb of fire.
You kick the orb of fire, but do no damage.
You hit the orb of fire but do no damage.
Your kick misses the orb of fire.
The orb of fire is almost destroyed.
The orb of fire glows bright magenta.
The fireball explodes!
The fireball engulfs you!!!
* * * LOW HITPOINT WARNING * * *
The fireball engulfs the orb of fire.
The orb of fire completely resists.
The yellow draconian annihilator spits acid at you.
The glob of acid hits you but does no damage.
The green draconian rages.
You hit the orb of fire but do no damage.
Your kick misses the orb of fire. You miss the orb of fire.
You kick the orb of fire, but do no damage.
You hit the orb of fire but do no damage.
Your kick misses the orb of fire. You closely miss the orb of fire.
You kick the orb of fire!
The orb of fire is almost destroyed.
You hit the orb of fire but do no damage.
You kick the orb of fire. You hit the orb of fire.
You kick the orb of fire, but do no damage.
You hit the orb of fire but do no damage. x2
Your kick misses the orb of fire.
The orb of fire is almost destroyed.
The green draconian rages.
The yellow draconian annihilator mumbles some strange words.
The yellow draconian annihilator blinks!
The orb of fire glows deep purple.
The fireball explodes!
The fireball engulfs you!!!
* * * LOW HITPOINT WARNING * * *
The fireball engulfs the orb of fire.
The orb of fire completely resists.
You feel much better.
The orb of fire emits a lurid red light.
The fireball explodes!
The fireball engulfs you!!!!
You die...
Your body glows slightly and disappears.

*,,,,***,..####.....####
***,,,,,,.##.###....####
*,,,8,,.#..#......####
*,,,,,,.#........#####
*,8,,,8.#.......!#####
*,,,,d,.#...##<..#####
*,,,8yq.#....#...#####
**,,,,..q###.#§...#####
**,,,**#.q*.####@..#####
*,,,** *#....q#☼*..#####
*,,,* **#q.8dq....#####
,,,** **,###dy##########
,,,* **,,..#+###########
,,****,,,..#.###########
,,***,,,,,,,,*
<,*,,,,,,,,,,*
,,*,,,,,,,,,,*


You could see an orb of fire, a green draconian (berserk), a white draconian, a
yellow draconian annihilator (catching breath) and a moth of wrath.

Vanquished Creatures
  2 dread liches
  Frederick (Vaults:3)
  A juggernaut (Depths:2)
  Mennas (Vaults:3)
  Xtahua (Vaults:3)
  Sojobo (Vaults:2)
  Vv (Crypt:2)
  Boris (Depths:4)
  Bai Suzhen (Spider:4)
  Saint Roka (Vaults:1)
  A Head Instructor (WizLab)
  7 caustic shrikes
  3 golden dragons
  A bone dragon (Abyss:2)
  Norris (Vaults:1)
  2 profane servitors (Crypt:3)
  Arachne (Spider:4)
  4 tentacled monstrosities
  Mlioglotl (Spider:1)
  Jorgrun (Elf:1)
  A shard shrike zombie (Abyss:3)
  A deep elf blademaster (Elf:3)
  9 liches
  A quicksilver dragon (WizLab)
  A walking frostbound tome (Depths:4)
  An Executioner (Abyss:5)
  14 ancient champions
  6 sphinxes
  Gastronok (D:8)
  3 tentacled starspawn
  A storm dragon (Depths:4)
  Kirke (D:15)
  Aizul (Spider:1)
  3 tengu reavers
  5 shadow dragons
  2 protean progenitors (Zot:1)
  3 revenants
  A fenstrider witch (Swamp:3)
  8 fire giants
  6 frost giants
  A draconian knight (Depths:4)
  An emperor scorpion (Spider:1)
  11 vault wardens
  A frost giant (shapeshifter) (Depths:1)
  3 deep elf sorcerers (Elf:3)
  An iron dragon (Depths:1)
  Louise (Swamp:2)
  A caustic shrike zombie (Crypt:2)
  An orc warlord (Orc:2)
  5 ghost moths
  13 ironbound preservers
  2 deep elf elementalists (Elf:3)
  2 cacodemons
  5 ghouls
  3 curse skulls
  A spriggan defender (Depths:1)
  3 reapers
  2 formless jellyfish
  18 very ugly things
  A quicksilver ooze (Depths:1)
  3 ironbound thunderhulks
  6 broodmothers
  A starflower (Abyss:3)
  18 stone giants
  Nessos (Lair:3)
  13 vampire knights
  7 deep elf annihilators (Elf:3)
  3 deep elf demonologists
  10 starcursed masses
  A red draconian (Depths:4)
  A minotaur (Gauntlet)
  4 purple draconians (Depths:4)
  3 white draconians (Depths:4)
  2 eleionomae
  A green draconian (Zot:2)
  A war gargoyle (Vaults:4)
  11 deep elf death magi
  Azrael (Spider:1)
  7 dire elephants
  2 bunyips
  10 spark wasps
  10 fire dragons
  7 eidola
  3 crystal guardians
  A green death (Depths:3)
  An acid blob zombie (Crypt:3)
  3 entropy weavers
  A shambling mangrove (Swamp:2)
  12 ettins
  Josephine (Orc:1)
  15 jiangshi
  A deep elf high priest (Elf:3)
  14 ice dragons
  9 yaktaur captains
  6 rakshasas
  3 vault guards
  2 ogre magi
  2 catoblepae
  5 great orbs of eyes
  Harold (D:9)
  2 peacekeepers
  A sphinx zombie (Depths:2)
  A ghost crab (Swamp:2)
  22 hydras
  11 ironbound frosthearts
  An anaconda (shapeshifter) (Depths:3)
  7 centaur warriors
  6 spriggan air magi
  A fenstrider witch skeleton (Crypt:1)
  2 radroaches
  11 alligators
  A jorogumo (Spider:2)
  A titan zombie (Crypt:3)
  7 two-headed ogres
  14 dancing weapons
  3 death knights
  7 death yaks
  A satyr (shapeshifter) (Depths:2)
  15 deep troll shamans
  5 boulder beetles
  4 tengu warriors
  9 demonic crawlers
  2 orc high priests
  8 deep troll earth magi
  7 vampire magi
  5 occultists
  5 thrashing horrors
  4 soul eaters
  14 hell knights
  17 deep elf knights
  4 spriggan berserkers
  A storm dragon zombie (Depths:2)
  A sun demon (Depths:2)
  6 sixfirhies
  10 iron trolls
  4 skysharks
  A fire crab (Swamp:2)
  3 shadow wraiths
  A wretched star (Abyss:3)
  A skyshark (shapeshifter) (Vaults:4)
  Amaemon (Lair:3)
  3 salamander mystics
  A storm dragon skeleton (Depths:2)
  An anaconda zombie (Crypt:3)
  7 pharaoh ants
  9 spriggan druids
  A goliath frog (Swamp:2)
  29 skeletal warriors
  9 swamp dragons
  10 flayed ghosts
  57 deep trolls
  3 glowing orange brains
  2 spark wasp zombies
  7 arcanists
  An orange crystal statue (IceCv)
  12 ironbound convokers
  3 lindwurms
  6 orb spiders
  2 sun moths (Spider:3)
  12 bog bodies
  5 steelbarb worms
  13 deep elf archers
  16 necromancers
  3 mana vipers (WizLab)
  28 deep elf zephyrmancers
  A harpy (Vaults:3)
  A tengu skeleton (Depths:2)
  3 orc knights
  43 ugly things
  2 iron dragon zombies (Depths:2)
  8 phantasmal warriors
  An alligator skeleton (Crypt:1)
  4 will-o-the-wisps
  A sphinx simulacrum (Depths:2)
  8 large abominations
  21 deep elf pyromancers
  A shadow dragon skeleton (Depths:2)
  A stone giant zombie (Crypt:1)
  A manticore (D:11)
  6 orc sorcerers
  Maurice (D:7)
  21 wolf spiders
  2 worldbinders (Abyss:2)
  4 cyclopes
  15 elephants
  5 fire giant zombies
  An ice statue (Gauntlet)
  A meliai (shapeshifter) (D:15)
  5 meliai
  4 moths of wrath
  3 kobold blastminers
  2 stone giant skeletons
  Joseph (D:8)
  2 fire giant skeletons
  An eye of devastation (shapeshifter) (Depths:1)
  An alligator snapping turtle zombie (Crypt:1)
  An eleionoma skeleton (Crypt:3)
  4 black mambas
  A black mamba (shapeshifter) (D:12)
  18 vault sentinels
  7 storm dragon simulacra (IceCv)
  A cane toad (shapeshifter) (Abyss:5)
  A smoke demon (Abyss:2)
  3 torpor snails
  An orange demon (Lair:3)
  14 cane toads
  A dire elephant skeleton (Crypt:2)
  3 gargoyles
  An unseen horror (D:12)
  4 rime drakes
  7 freezing wraiths
  A minotaur skeleton (Crypt:1)
  Maggie (D:10)
  6 komodo dragons
  An unseen horror (shapeshifter) (Elf:1)
  10 guardian mummies
  13 tengu conjurers
  An unseen horror skeleton (Crypt:2)
  26 yaktaurs
  An alligator snapping turtle skeleton (Crypt:3)
  A silent spectre (Abyss:5)
  2 spriggan skeletons
  6 golden dragon simulacra (IceCv)
  2 ancient zymes
  3 polar bears
  2 trolls
  8 tyrant leeches
  A wind drake (shapeshifter) (Elf:1)
  A sun moth zombie (Crypt:1)
  23 tarantellas
  27 hornets
  8 blink frogs
  A blink frog (shapeshifter) (D:15)
  3 glass eyes
  Prince Ribbit (D:7)
  2 ettin zombies
  9 raiju
  4 dream sheep (Lair:5)
  30 jumping spiders
  A black mamba zombie (Crypt:2)
  27 culicivoras
  25 spriggans
  29 slime creatures
  A fire dragon skeleton (Crypt:1)
  2 air elementals (Elf:3)
  2 centaur simulacra
  2 ettin skeletons (Crypt:3)
  A ynoxinul (Abyss:2)
  A shadow (D:11)
  8 vampires
  6 hogs
  4 water elementals
  10 wraiths
  9 fire elementals
  25 yaks
  A wyvern (shapeshifter) (Depths:2)
  A human (shapeshifter) (D:13)
  2 basilisks (Lair:4)
  4 golden eyes
  4 wyverns
  A yak (shapeshifter) (Elf:1)
  7 vampire mosquitoes
  Grum (D:10)
  A black mamba skeleton (Crypt:1)
  82 redbacks
  2 chaos spawn
  4 wargs (Orc:2)
  A neqoxec (Abyss:5)
  13 swamp worms
  2 steam dragons
  A glowing shapeshifter zombie (Depths:2)
  A naga zombie (Crypt:1)
  A wind drake skeleton (Crypt:1)
  Menkaure (D:4)
  A human zombie (Depths:2)
  A faun zombie (Crypt:3)
  A water nymph skeleton (Crypt:2)
  A fire bat skeleton (Crypt:2)
  Pargi (D:3)
  11 water moccasins
  A naga skeleton (Crypt:1)
  4 hell hounds
  A glowing shapeshifter skeleton (Depths:2)
  2 ice beasts
  2 laughing skulls (Abyss:5)
  31 orc warriors
  9 swamp drakes
  5 ogres
  3 ice dragon simulacra (IceCv)
  43 wolves
  9 boggarts
  An elephant skeleton (Crypt:1)
  9 black bears
  A centaur (shapeshifter) (Elf:1)
  5 centaurs
  6 weeping skulls
  2 brain worms (Abyss:5)
  4 kobold brigands
  10 bullfrogs
  2 water moccasin zombies (Ossuary)
  A necrophage (Crypt:2)
  5 earth elementals
  A gnoll sergeant (D:9)
  A cyclops zombie (Crypt:3)
  7 scorpions
  25 small abominations
  7 wights
  5 lindwurm simulacra (IceCv)
  A queen bee zombie (Crypt:1)
  8 killer bees
  3 howler monkeys
  3 electric eels
  2 centaur zombies (Ossuary)
  2 bombardier beetles
  8 hounds
  A bullfrog zombie (Ossuary)
  A bullfrog skeleton (Crypt:2)
  20 orc priests
  7 jellies
  4 iguanas
  24 orc wizards
  A scorpion zombie (Ossuary)
  4 sleepcaps
  2 ogre zombies (Ossuary)
  An ogre skeleton (Crypt:1)
  A deep dwarf skeleton (Crypt:3)
  A hound zombie (Crypt:1)
  10 mummies
  5 gnolls
  A river rat (Orc:2)
  A swamp drake zombie (Crypt:3)
  10 adders
  A white imp (D:6)
  2 ufetubi (D:6)
  3 adder zombies (Ossuary)
  5 worms
  4 dart slugs
  99 orcs
  10 endoplasms
  5 giant cockroaches
  4 gnoll zombies (Ossuary)
  9 goblins
  5 hobgoblins
  5 jackals
  5 quokkas
  4 ball pythons
  4 bats
  3 frilled lizards
  3 goblin zombies (Ossuary)
  3 hobgoblin zombies (Ossuary)
  A jackal zombie (Crypt:3)
  29 kobolds
  2 orc skeletons
  3 orc zombies (Ossuary)
  A quokka skeleton (Crypt:1)
  4 rats
  An aspiring flesh (Zot:1)
  A butterfly (Lair:2)
  A lurking horror (Abyss:5)
  2 starspawn tentacles (Abyss:5)
2121 creatures vanquished.

Vanquished Creatures (collateral kills)
  A cacodemon (Abyss:5)
  A deep elf annihilator (Elf:3)
  3 skysharks (Vaults:1)
  2 harpies (Vaults:3)
  A slime creature (Vaults:3)
  5 small abominations (Abyss:5)
13 creatures vanquished.

Vanquished Creatures (others)
  A deep elf knight (Elf:1)
  A deep troll (Depths:1)
  A deep elf zephyrmancer (Elf:2)
  An arcanist (D:8)
  An unseen horror (shapeshifter) (D:14)
  A bloated husk (Swamp:3)
  A spriggan (Swamp:2)
  A water elemental (Elf:1)
  A swamp drake (Swamp:2)
  4 foxfires
  9 starspawn tentacles (Abyss:5)
22 creatures vanquished.

Grand Total: 2156 creatures vanquished

Notes
Turn   | Place    | Note
-------+----------+-------------------------------------------
     0 | D:1      | grandjackal the Demonspawn Gladiator began the quest for
                  | the Orb.
     0 | D:1      | Reached XP level 1. HP: 16/16 MP: 1/1
    37 | D:1      | Found Tezasin's Weapon Shoppe.
    83 | D:1      | Gained mutation: You are partially covered in thin metallic
                  | scales. (AC +2) [demonic ancestry]
    83 | D:1      | Reached XP level 2. HP: 18/22 MP: 2/2
   129 | D:1      | You fall into a shaft and drop 1 floor!
   591 | D:2      | Reached XP level 3. HP: 28/28 MP: 3/3
   615 | D:2      | Found a hide-covered altar of Uskayaw.
   832 | D:2      | Reached skill level 1 in Short Blades
   859 | D:2      | Reached XP level 4. HP: 10/35 MP: 4/4
  1965 | D:3      | Noticed Pargi
  2035 | D:3      | Killed Pargi
  2036 | D:3      | Gained mutation: You are mostly covered in thin metallic
                  | scales. (AC +3) [demonic ancestry]
  2036 | D:3      | Reached XP level 5. HP: 36/42 MP: 5/5
  2277 | D:3      | Found an opulent altar of Gozag.
  2570 | D:4      | Gained mutation: Your demonic aura sometimes causes spilled
                  | blood to erupt in flames. [demonic ancestry]
  2570 | D:4      | Reached XP level 6. HP: 28/48 MP: 1/6
  2914 | D:4      | Found a burning altar of Makhleb.
  2964 | D:4      | Noticed Menkaure
  2992 | D:4      | HP: 2/48 [Menkaure/nerve-wracking pain (8)]
  2993 | D:4      | Killed Menkaure
  3294 | D:4      | Found Aritucka's Jewellery Shop.
  3329 | D:4      | Found a snail-covered altar of Cheibriados.
  3588 | D:4      | Reached XP level 7. HP: 55/55 MP: 5/7
  3783 | D:5      | Entered Level 5 of the Dungeon
  3890 | D:5      | Reached skill level 5 in Fighting
  3935 | D:5      | Found a staircase to the Ecumenical Temple.
  3938 | D:5      | Reached skill level 5 in Dodging
  4160 | D:5      | Found Maimod's Antique Weapon Emporium.
  4184 | D:5      | Found a transporter.
  4191 | D:5      | Found a transporter.
  4222 | D:5      | Noticed Azoth's ghost (novice DEFE)
  4859 | D:6      | Gained mutation: You are completely covered in thin
                  | metallic scales. (AC +4, rElec) [demonic ancestry]
  4859 | D:6      | Reached XP level 8. HP: 64/64 MP: 8/8
  5038 | D:6      | Reached skill level 5 in Short Blades
  5281 | D:6      | Found a shadowy altar of Dithmenos.
  5926 | D:6      | Gained mutation: You have large cloven feet. [demonic
                  | ancestry]
  5926 | D:6      | Reached XP level 9. HP: 72/72 MP: 9/9
  6112 | D:7      | Noticed Prince Ribbit
  6126 | D:7      | Killed Prince Ribbit
  6403 | Temple   | Entered the Ecumenical Temple
  6421 | Temple   | Became a worshipper of Nemelex Xobeh the Trickster
  6495 | D:7      | Noticed Maurice
  6552 | D:7      | Killed Maurice
  7155 | D:8      | Noticed Gastronok
  7167 | D:8      | Killed Gastronok
  7168 | D:8      | Reached skill level 5 in Invocations
  7168 | D:8      | Reached XP level 10. HP: 82/82 MP: 8/14
  7243 | D:8      | Found an ancient bone altar of Kikubaaqudgha.
  7302 | D:8      | Found a sand-covered staircase.
  7315 | Ossuary  | Entered an ossuary
  7466 | Ossuary  | Reached * piety under Nemelex Xobeh
  7806 | D:8      | Found a bloodstained altar of Trog.
  7829 | D:8      | Noticed a wizard
  7835 | D:8      | Killed a wizard
  8183 | D:8      | Found a staircase to the Lair.
  8193 | D:8      | Noticed Joseph
  8210 | D:8      | Killed Joseph
  8322 | D:8      | Identified the +4 battleaxe of Okawaru's Reproof {heavy,
                  | rPois Will+ Stlth+}
  8529 | D:9      | Received a gift from Nemelex Xobeh
  8748 | D:9      | Found a radiant altar of Vehumet.
  8750 | D:9      | Found a hazy altar of Hepliaklqana.
  8790 | D:9      | Reached ** piety under Nemelex Xobeh
  8796 | D:9      | Noticed Harold
  8810 | D:9      | Killed Harold
  8944 | D:9      | Reached skill level 10 in Fighting
  9204 | D:9      | Gained mutation: Your demonic aura often causes spilled
                  | blood to erupt in flames. [demonic ancestry]
  9204 | D:9      | Reached XP level 11. HP: 91/91 MP: 17/17
 10003 | D:10     | Entered Level 10 of the Dungeon
 10059 | D:10     | Noticed a two-headed ogre
 10067 | D:10     | Killed a two-headed ogre
 10112 | D:10     | Noticed Maggie
 10127 | D:10     | Killed Maggie
 10183 | D:10     | Found an iron altar of Okawaru.
 10241 | D:10     | Noticed Grum
 10259 | D:10     | Killed Grum
 11050 | D:10     | Reached *** piety under Nemelex Xobeh
 11142 | D:10     | Found a staircase to the Orcish Mines.
 11543 | D:11     | Received a gift from Nemelex Xobeh
 11560 | D:11     | Reached skill level 10 in Invocations
 11640 | D:11     | Noticed a boulder beetle
 12458 | D:12     | Identified the +0 leather armour of Ignis's Condemnation
                  | {-Tele rF+++ rC+ Int+3}
 12619 | D:12     | Reached skill level 10 in Short Blades
 12974 | D:12     | Received a gift from Nemelex Xobeh
 13018 | D:12     | Noticed a purple ugly thing
 13029 | D:12     | Killed a purple ugly thing
 13161 | D:12     | Noticed a two-headed ogre
 13171 | D:12     | Killed a two-headed ogre
 13486 | D:1      | Bought the +8 pair of quick blades "Gyre" and "Gimble"
                  | {protect} for 780 gold pieces
 13486 | D:1      | Found the +8 pair of quick blades "Gyre" and "Gimble"
                  | {protect}
 13719 | Orc:1    | Entered Level 1 of the Orcish Mines
 13816 | Orc:1    | Noticed Josephine
 13821 | Orc:1    | Gained mutation: You are partially covered in sharp spines.
                  | [demonic ancestry]
 13821 | Orc:1    | Reached XP level 12. HP: 92/101 MP: 17/20
 13825 | Orc:1    | Killed Josephine
 14393 | Orc:1    | Reached **** piety under Nemelex Xobeh
 14456 | Orc:2    | Entered Level 2 of the Orcish Mines
 14467 | Orc:2    | Found a staircase to the Elven Halls.
 14583 | Orc:2    | Found Liexzoza's Weapon Shop.
 14827 | Orc:2    | Found Vuzof's Book Emporium.
 14827 | Orc:2    | Received a gift from Nemelex Xobeh
 14934 | Orc:2    | Noticed an ettin
 14943 | Orc:2    | Killed an ettin
 15360 | Orc:2    | Noticed an orc high priest
 15366 | Orc:2    | Killed an orc high priest
 15373 | Orc:2    | Received a gift from Nemelex Xobeh
 15460 | Orc:2    | Found Faclausm's Antique Armour Shoppe.
 15462 | Orc:2    | Found Byic's Antique Weapon Emporium.
 15506 | Orc:2    | Noticed an orc warlord
 15530 | Orc:2    | Killed an orc warlord
 15796 | Lair:1   | Entered Level 1 of the Lair of Beasts
 15968 | Lair:1   | Received a gift from Nemelex Xobeh
 15974 | Lair:1   | Reached ***** piety under Nemelex Xobeh
 16238 | Lair:1   | Gained mutation: Your demonic aura causes all spilled blood
                  | to erupt in flames. [demonic ancestry]
 16238 | Lair:1   | Reached XP level 13. HP: 101/111 MP: 20/23
 16354 | Lair:1   | Received a gift from Nemelex Xobeh
 16889 | Lair:2   | Received a gift from Nemelex Xobeh
 16925 | Lair:2   | Identified a scroll of acquirement
 16925 | Lair:2   | Acquired 600 gold pieces
 17103 | Lair:2   | Found a hole to the Spider Nest.
 17150 | Lair:2   | Found a staircase to the Swamp.
 17178 | Lair:2   | Found a gate leading to a gauntlet.
 17187 | Gauntlet | Entered a Gauntlet
 17187 | Gauntlet | Found a transporter.
 17187 | Gauntlet | Found a transporter.
 17190 | Gauntlet | Found a transporter.
 17192 | Gauntlet | Found a transporter.
 17193 | Gauntlet | Found a transporter.
 17193 | Gauntlet | Found a transporter.
 17225 | Gauntlet | Found a transporter.
 17229 | Gauntlet | Found a transporter.
 17236 | Gauntlet | Found a runed translucent door.
 17239 | Gauntlet | Found a transporter.
 17256 | Gauntlet | Found a transporter.
 17267 | Gauntlet | Found a transporter.
 17271 | Gauntlet | Found a transporter.
 17744 | Gauntlet | Noticed a minotaur
 17759 | Gauntlet | Killed a minotaur
 17971 | Lair:2   | Reached skill level 1 in Stealth
 18078 | Lair:2   | Reached skill level 15 in Invocations
 18392 | Lair:3   | Received a gift from Nemelex Xobeh
 18393 | Lair:3   | Noticed Nessos
 18412 | Lair:3   | Killed Nessos
 18784 | Lair:3   | Noticed Amaemon
 18792 | Lair:3   | Killed Amaemon
 19452 | Lair:4   | Gained mutation: You have hoof-like feet. [demonic
                  | ancestry]
 19452 | Lair:4   | Reached XP level 14. HP: 121/121 MP: 25/25
 19470 | Lair:4   | Received a gift from Nemelex Xobeh
 19835 | Lair:4   | Found a staircase to the Slime Pits.
 19915 | Lair:4   | Reached skill level 5 in Stealth
 20126 | Lair:5   | Entered Level 5 of the Lair of Beasts
 20148 | Lair:5   | Reached ****** piety under Nemelex Xobeh
 20267 | Lair:5   | Reached skill level 15 in Fighting
 20351 | Lair:5   | Got an earthy gem with 65 turns to spare
 20415 | Lair:5   | Lost the earthy gem through the power of Zot.Gained a life
                  | (3 lives remaining)
 20424 | Lair:5   | Identified the staff of Kismet {rPois Int+4 Alchemy}
 20641 | Lair:5   | Received a gift from Nemelex Xobeh
 21715 | D:13     | Received a gift from Nemelex Xobeh
 22124 | D:13     | Found a gate to the Vaults.
 22241 | D:14     | Reached XP level 15. HP: 130/130 MP: 27/27
 22557 | D:14     | Received a gift from Nemelex Xobeh
 22637 | D:14     | Found Ilosm's Antique Weapon Emporium.
 22783 | D:14     | Found a sparkling altar of Nemelex Xobeh.
 22986 | D:15     | Entered Level 15 of the Dungeon
 22988 | D:15     | Received a gift from Nemelex Xobeh
 23180 | D:15     | Received a gift from Nemelex Xobeh
 23213 | D:15     | Identified the +9 falchion "Nakola Vyira" {drain, rPois
                  | Int+3}
 23721 | D:15     | Found a staircase to the Depths.
 23785 | D:15     | Noticed Kirke
 23796 | D:15     | Killed Kirke
 23876 | D:15     | Received a gift from Nemelex Xobeh
 24286 | Swamp:1  | Entered Level 1 of the Swamp
 24446 | Swamp:1  | Noticed a tentacled monstrosity
 24457 | Swamp:1  | Killed a tentacled monstrosity
 24500 | Swamp:1  | Found a blossoming altar of Fedhas.
 24994 | Swamp:2  | Received a gift from Nemelex Xobeh
 25037 | Swamp:2  | Noticed Frances
 25045 | Swamp:2  | Frances changed into Frances the alligator
 25045 | Swamp:2  | Noticed Frances
 25047 | Swamp:2  | Killed Frances the alligator
 25237 | Swamp:2  | Paralysed by a hornet for 1 turns
 25294 | Swamp:2  | Noticed Louise
 25310 | Swamp:2  | Killed Louise
 25311 | Swamp:2  | Reached skill level 10 in Stealth
 25603 | Swamp:2  | Reached skill level 1 in Armour
 26237 | Swamp:3  | Noticed a fenstrider witch
 26241 | Swamp:3  | Killed a fenstrider witch
 26242 | Swamp:3  | Reached XP level 16. HP: 123/141 MP: 24/29
 26441 | Swamp:3  | Identified the +2 scale mail of Nirozen {Str+2 Int+4 Dex+4}
 26463 | Swamp:3  | Received a gift from Nemelex Xobeh
 26546 | Swamp:4  | Entered Level 4 of the Swamp
 26922 | Swamp:4  | Reached skill level 5 in Armour
 26958 | Swamp:4  | Got a decaying rune of Zot
 27240 | Swamp:4  | Received a gift from Nemelex Xobeh
 27333 | Swamp:4  | Noticed Roxanne
 27581 | Spider:1 | Entered Level 1 of the Spider Nest
 27827 | Spider:1 | Identified the serpent talisman "Bibihaq" {+Blink Str+3
                  | Dex-2}
 27827 | Spider:1 | Noticed Aizul
 27835 | Spider:1 | Killed Aizul
 28266 | Spider:1 | Received a gift from Nemelex Xobeh
 28359 | Spider:1 | Noticed Azrael
 28377 | Spider:1 | Killed Azrael
 29291 | Spider:1 | Reached XP level 17. HP: 57/150 MP: 13/31
 29509 | Spider:2 | Noticed Mlioglotl
 29683 | Spider:1 | Killed Mlioglotl
 30211 | Spider:2 | Received a gift from Nemelex Xobeh
 31787 | Spider:3 | Received a gift from Nemelex Xobeh
 32130 | Spider:4 | Entered Level 4 of the Spider Nest
 32305 | Spider:4 | Noticed Arachne
 32312 | Spider:4 | Killed Arachne
 32800 | Spider:4 | Received a gift from Nemelex Xobeh
 33085 | Spider:4 | Noticed Bai Suzhen
 33109 | Spider:4 | Killed Bai Suzhen
 34054 | Spider:4 | Got a gossamer rune of Zot
 34578 | Elf:1    | Entered Level 1 of the Elven Halls
 34582 | Elf:1    | Received a gift from Nemelex Xobeh
 34704 | Elf:1    | Gained mutation: Your magical and physical power is
                  | slightly enhanced at high health. [demonic ancestry]
 34704 | Elf:1    | Reached XP level 18. HP: 159/160 MP: 33/33
 34779 | Elf:1    | Found Istrexy's General Store.
 34779 | Elf:1    | Found Fyadd's Weapon Shop.
 34884 | Elf:1    | Bought a potion of resistance for 190 gold pieces
 34884 | Elf:1    | Bought a potion of haste for 190 gold pieces
 35065 | Elf:1    | Received a gift from Nemelex Xobeh
 35162 | Elf:1    | Found Vigozxun's Assorted Antiques.
 35175 | Elf:1    | Bought a potion of curing for 117 gold pieces
 35175 | Elf:1    | Bought a potion of curing for 117 gold pieces
 35175 | Elf:1    | Bought a potion of curing for 117 gold pieces
 35175 | Elf:1    | Bought a bronze ring for 195 gold pieces
 35468 | Elf:1    | Noticed a Hell Sentinel
 35776 | Elf:1    | Found Vaasm's Antique Weapon Emporium.
 36020 | Elf:1    | Found Eckac's Antique Armour Boutique.
 36024 | Elf:1    | Noticed Jorgrun
 36033 | Elf:1    | Killed Jorgrun
 36220 | Elf:1    | Bought a distressingly furry chain mail for 313 gold pieces
 36220 | Elf:1    | Identified the +0 chain mail of Ojeric {-Cast rPois rC+}
                  | (You bought it in a shop on level 1 of the Elven Halls)
 36332 | Elf:2    | Reached skill level 10 in Dodging
 36446 | Elf:2    | Found Imuntint's Weapon Boutique.
 36524 | Elf:2    | Found a frozen archway.
 36533 | IceCv    | Entered an ice cave
 37063 | IceCv    | Noticed a golden dragon
 37075 | IceCv    | Killed a golden dragon
 37149 | IceCv    | Identified the ring "Ufibioll" {+Blink EV+5 Int+2 SInv}
 37634 | Elf:2    | Found a runed translucent gate.
 37641 | Elf:2    | Found a runed translucent gate.
 37641 | Elf:2    | Found a runed translucent gate.
 37862 | Elf:3    | Entered Level 3 of the Elven Halls
 37862 | Elf:3    | Received a gift from Nemelex Xobeh
 37890 | Elf:3    | Paralysed by an air elemental for 1 turns
 39125 | Elf:3    | Received a gift from Nemelex Xobeh
 39128 | Elf:3    | Gained mutation: Your magical and physical power is
                  | enhanced at high health. [demonic ancestry]
 39128 | Elf:3    | Reached XP level 19. HP: 151/170 MP: 29/34
 39131 | Abyss:2  | Cast into level 2 of the Abyss (a deep elf demonologist)
 39187 | Abyss:2  | Received a gift from Nemelex Xobeh
 39239 | Abyss:2  | Noticed a bone dragon
 39250 | Abyss:2  | Killed a bone dragon
 39300 | Abyss:3  | Found a corrupted altar of Lugonu.
 39346 | Abyss:3  | Received a gift from Nemelex Xobeh
 39432 | Abyss:3  | Received a gift from Nemelex Xobeh
 39448 | Abyss:3  | Noticed a dread lich
 39461 | Abyss:3  | Killed a dread lich
 39482 | Elf:3    | Escaped the Abyss
 39976 | Elf:3    | Identified the +3 leather armour "Antaz" {rF+ Int+3}
 39986 | Elf:3    | Identified the +3 spear of Death {heavy, rElec Int+4 SInv}
 39986 | Elf:3    | Identified the +2 robe of Space {Harm}
 40163 | Elf:3    | Identified the +9 orcbow of Uvvarola {antimagic, Str+2}
 40492 | Vaults:1 | Entered Level 1 of the Vaults
 40571 | Vaults:1 | Received a gift from Nemelex Xobeh
 40678 | Vaults:1 | Noticed Norris
 40695 | Vaults:1 | Killed Norris
 40912 | Vaults:1 | Noticed Saint Roka
 41385 | Vaults:1 | Received a gift from Nemelex Xobeh
 41434 | Vaults:1 | Found a portal to a secret trove of treasure.
 41746 | Vaults:1 | Killed Saint Roka
 41865 | Vaults:1 | Paralysed by an orc sorcerer for 3 turns
 42439 | Vaults:2 | Received a gift from Nemelex Xobeh
 42491 | Vaults:2 | Reached skill level 10 in Armour
 42810 | Vaults:2 | Noticed Sojobo
 42818 | Vaults:2 | Killed Sojobo
 43062 | Vaults:2 | Identified the +0 plate armour "Wuobreha" {rElec Int+3}
 43300 | Vaults:2 | Reached XP level 20. HP: 135/180 MP: 27/36
 43789 | Vaults:2 | Identified the +8 falchion "Duhyic" {freeze, Dex+4}
 44169 | Vaults:3 | Found a staircase to the Crypt.
 44231 | Vaults:3 | Received a gift from Nemelex Xobeh
 44252 | Vaults:3 | Noticed Xtahua
 44272 | Vaults:3 | Killed Xtahua
 44610 | Vaults:3 | Identified the orb of Woymuw {light, +Blink rElec Will-
                  | Slay-5}
 44610 | Vaults:3 | Noticed Frederick
 45090 | Vaults:3 | Identified the +2 helmet of Affugg {rC+ Will- Int+3 Dex+3}
 45103 | Vaults:3 | Noticed Mennas
 45127 | Vaults:3 | Killed Mennas
 45393 | Vaults:3 | Killed Frederick
 46086 | Vaults:3 | You fall into a shaft and drop 1 floor!
 46229 | Vaults:4 | Received a gift from Nemelex Xobeh
 46255 | Vaults:4 | Noticed a golden dragon
 46266 | Vaults:3 | Found Qiattaups's Assorted Antiques.
 46276 | Vaults:3 | Bought 2 potions of heal wounds for 380 gold pieces
 46276 | Vaults:3 | Bought a steaming chain mail for 361 gold pieces
 46276 | Vaults:3 | Identified the +0 chain mail of Diss {rPois rF- rN+ Stlth+}
                  | (You bought it in a shop on level 3 of the Vaults)
 46605 | Vaults:4 | Received a gift from Nemelex Xobeh
 46621 | Vaults:4 | Reached skill level 27 in Invocations
 47084 | Vaults:4 | Gained mutation: You have hooves in place of feet. [demonic
                  | ancestry]
 47084 | Vaults:4 | Reached XP level 21. HP: 168/191 MP: 34/38
 47851 | Vaults:4 | Paralysed by a formless jellyfish for 1 turns
 48080 | Vaults:4 | Identified the +8 short sword "Xesmerpha" {vamp, rC+}
 48117 | Vaults:4 | Received a gift from Nemelex Xobeh
 48394 | Depths:1 | Entered Level 1 of the Depths
 48992 | Depths:1 | Found a corrupted altar of Lugonu.
 48992 | Depths:1 | Found a one-way gate to the infinite horrors of the Abyss.
 49671 | Depths:1 | Found the +8 arc blade {discharge, rElec}
 49695 | Depths:1 | Noticed a caustic shrike
 49696 | Depths:1 | Received a gift from Nemelex Xobeh
 49697 | Depths:1 | Noticed a caustic shrike
 49700 | Depths:1 | Killed a caustic shrike
 49705 | Depths:1 | Killed a caustic shrike
 49708 | Depths:1 | Noticed a caustic shrike
 49713 | Depths:1 | Killed a caustic shrike
 49806 | Depths:1 | Found Ilisuk's Distillery.
 50132 | Depths:1 | Bought a potion of heal wounds for 75 gold pieces
 50132 | Depths:1 | Bought a potion of might for 60 gold pieces
 50132 | Depths:1 | Bought 2 potions of magic for 240 gold pieces
 50132 | Depths:1 | Bought a potion of curing for 45 gold pieces
 50132 | Depths:1 | Bought a potion of haste for 150 gold pieces
 50186 | Depths:1 | Found a shimmering altar of Xom.
 50299 | Depths:1 | Reached XP level 22. HP: 202/202 MP: 39/39
 50466 | Depths:1 | Found a one-way gate leading to the halls of Pandemonium.
 50468 | Depths:1 | Gained mutation: You are clumsy. (Dex -2) [a cacodemon]
 50518 | Depths:1 | Found a gateway to Hell.
 51311 | Depths:2 | Noticed a juggernaut
 51328 | Depths:2 | Killed a juggernaut
 51435 | Depths:2 | Received a gift from Nemelex Xobeh
 52018 | Depths:2 | Found a one-way gateway to a ziggurat.
 52101 | Depths:2 | Got Cinlac's Atlas of the Undead
 52700 | Depths:3 | Received a gift from Nemelex Xobeh
 53133 | Depths:3 | Received a gift from Nemelex Xobeh
 53654 | Depths:3 | Identified the +0 pair of boots of the Orcish Mines {rF+
                  | Slay+2}
 54139 | Depths:3 | Gained mutation: You are mostly covered in sharp spines.
                  | [demonic ancestry]
 54139 | Depths:3 | Reached XP level 23. HP: 140/213 MP: 26/40
 54310 | Depths:3 | Found a runed translucent door.
 54314 | Depths:3 | Noticed Qowilec's ghost (adept VSFi)
 54518 | Depths:4 | Entered Level 4 of the Depths
 55093 | Depths:4 | Received a gift from Nemelex Xobeh
 55314 | Depths:4 | Noticed a caustic shrike
 55315 | Depths:4 | Noticed a caustic shrike
 55316 | Depths:4 | Noticed a caustic shrike
 55317 | Depths:4 | Noticed a caustic shrike
 55322 | Depths:4 | Killed a caustic shrike
 55327 | Depths:4 | Killed a caustic shrike
 55330 | Depths:4 | Killed a caustic shrike
 55334 | Depths:4 | Killed a caustic shrike
 55496 | Depths:4 | Identified the +4 short sword "Puel" {elec, rF+ Str+5}
 55498 | Depths:4 | Received a gift from Nemelex Xobeh
 55703 | Depths:4 | Found a gate to the Realm of Zot.
 56043 | Depths:4 | Noticed Boris
 56057 | Depths:4 | Killed Boris
 57000 | Crypt:1  | Entered Level 1 of the Crypt
 57326 | Crypt:1  | Received a gift from Nemelex Xobeh
 57797 | Crypt:1  | Received a gift from Nemelex Xobeh
 58045 | Crypt:2  | Found a magical portal.
 58048 | Crypt:2  | Noticed Vv
 58054 | WizLab   | Entered Yara's Duelist Academy
 58456 | WizLab   | Noticed Gighedi
 58465 | WizLab   | Killed Gighedi the Head Instructor
 58641 | Crypt:2  | Received a gift from Nemelex Xobeh
 58660 | Crypt:2  | Killed Vv
 59427 | Crypt:2  | Found a burning altar of Makhleb.
 59739 | Crypt:3  | Entered Level 3 of the Crypt
 59802 | Crypt:3  | Reached XP level 24. HP: 225/225 MP: 40/40
 59806 | Crypt:3  | Reached skill level 15 in Stealth
 60122 | Crypt:3  | Noticed a dread lich
 60131 | Crypt:3  | Killed a dread lich
 60137 | Crypt:3  | Received a gift from Nemelex Xobeh
 60360 | Crypt:3  | Found a staircase to the Tomb.
 60562 | Crypt:3  | Reached skill level 27 in Fighting
 61159 | Crypt:3  | Found a basalt altar of Yredelemnul.
 61159 | Crypt:3  | Found an ancient bone altar of Kikubaaqudgha.
 61322 | Crypt:3  | Got the Compilation of Death
 61323 | Crypt:3  | Identified the amulet "Coquep" {rN+ Regen+ Dex+3 Stlth+}
 61323 | Crypt:3  | Identified the ring "Poev" {^Contam +Blink rN+ rCorr Str+4}
 61849 | Vaults:1 | You paid a toll of a +6 demon blade to enter a treasure
                  | trove
 61850 | Trove    | Entered a treasure trove
 61852 | Trove    | Found the brooch of Shielding {Spirit SH+8}
 61854 | Trove    | Identified the amulet "Leomuaq" {Regen+ Dex+2 SInv}
 61863 | Trove    | Identified the ring "Vaof" {rC- Int+6 Dex+6 Slay+6}
 61869 | Trove    | Identified the amulet of Skepticism {rElec rC- Regen+
                  | Dex+4}
 61873 | Trove    | Identified the ring "Kyir" {^Drain rElec rPois Dex+6
                  | Slay+6}
 61876 | Trove    | Identified the ring "Raav" {Fly rC+ Str-4 Dex+3 SInv}
 61887 | Trove    | Identified the ring of Gouth {Fly rF+}
 61889 | Trove    | Identified the ring "Umma" {+Blink rElec rC+ Str-3 Int+2}
 62043 | Depths:1 | Voluntarily entered the Abyss.
 62134 | Abyss:3  | Received a gift from Nemelex Xobeh
 62213 | Abyss:5  | Found a corrupted altar of Lugonu.
 62319 | Abyss:5  | Paralysed by accursed screaming for 1 turns
 62397 | Abyss:5  | Got an abyssal rune of Zot
 62608 | Abyss:5  | Found a corrupted altar of Lugonu.
 62616 | Abyss:5  | Found a corrupted altar of Lugonu.
 62645 | Abyss:5  | Reached skill level 15 in Armour
 62661 | Abyss:5  | Received a gift from Nemelex Xobeh
 62668 | Depths:1 | Escaped the Abyss
 62799 | Zot:1    | Entered Level 1 of the Realm of Zot
 62851 | Zot:1    | Reached skill level 15 in Dodging
 63084 | Zot:1    | Identified the +0 robe "Basoenui" {rF+}
 63222 | Zot:1    | Found a transporter.
 63969 | Zot:2    | Noticed an orb of fire
 63996 | Zot:2    | Killed from afar by an orb of fire

Illustrated notes

Levels and vault maps discovered:
D:1:      denvon_arrival_hothouse, layout_rooms, serial_shops, shop
D:2:      layout_basic, basic_altar, nicolae_half_adder
D:3:      layout_basic, mainiacjoe_overflow_small_starburst, grunt_ministairs_5,
          uniq_pargi
D:4:      layout_gridville, chei_slow_surprise,
          mainiacjoe_overflow_tiny_flanked, serial_shops, shop, uniq_menkaure
D:5:      layout_cave_pools, minmay_temple_entry_arrows, serial_shops, shop,
          gammafunk_ghost_abyssal_escape, kennysheep_generic_room_8
D:6:      kennysheep_six_static_rooms, layout_rooms, elyvilon_altar_3,
          kennysheep_mini
D:7:      layout_cave_pools, serial_glass, glass_columns_a, glass_columns_b,
          uniq_prince_ribbit1, uniq_maurice
D:8:      layout_loops_corners, nicolae_overflow_hidden_temple, trog_wizard,
          mainiacjoe_ossuary_entry_dusty_tomb, uniq_joseph, uniq_gastronok
D:9:      layout_basic, gammafunk_temple_overflow_forgotten, special_room
          [special_room_orc], uniq_harold
D:10:     layout_long_grid, okawaru_metal_pillars_1_2, erik_orc_1,
          kennysheep_generic_room_14, uniq_maggie, uniq_grum
D:11:     layout_cave_pools
D:12:     layout_irregular_city
D:13:     layout_rooms, david_vaults_5
D:14:     layout_rooms, serial_shops, shop, nemelex_xobeh_ov_fountains_minmay
D:15:     hangedman_depths_entry_try_elsewhere_first, layout_cave_pods,
          minmay_misc_feat_x, minivault_26, uniq_kirke
Temple:   jpeg_temple_clearing
Lair:1:   layout_layer_cave, serial_bayou_shore_b, lemuel_fruit_tree
Lair:2:   layout_misc_corridors, swamp_mist,
          nicolae_spider_entry_lesser_pyramids, gauntlet_entry_generic,
          chequers_serial_rivers_small_b, st_stairs_4, lemuel_fruit_fields,
          lemuel_fruit_fields
Lair:3:   layout_misc_corridors, lemuel_fruit_fields, uniq_amaemon, uniq_nessos
Lair:4:   layout_gridlike, slime_entry_2
Lair:5:   minmay_lair_end_enchanted_forest, layout_cave_pods,
          dreamdust_wasp_nest
Swamp:1:  layout_basic_swamp, evilmike_swamp_ruin_house_2,
          lemuel_altar_in_water, swamp_pool_3
Swamp:2:  layout_basic_swamp, nicolae_swamp_reclaimed_castle, uniq_louise,
          uniq_frances
Swamp:3:  layout_falls_marsh, evilmike_swamp_ruin_house_5, swamp_pool_4,
          tekkud_bubbles_buried_in_this_jungle
Swamp:4:  swamp, layout_basic_swamp, uniq_roxanne
Spider:1: layout_cave_pods, drop_trap, uniq_aizul, uniq_azrael
Spider:2: layout_spider_delve, uniq_mlioglotl
Spider:3: layout_spider_delve
Spider:4: grunt_spider_rune_parallel, uniq_bai_suzhen, uniq_arachne
Orc:1:    layout_caves, uniq_josephine
Orc:2:    grunt_orc_community_town_hall, layout_caves,
          grunt_orc_community_big_house_1, grunt_orc_community_big_house_1,
          grunt_orc_community_house_1, grunt_orc_community_house_1,
          grunt_orc_community_house_1, grunt_orc_community_house_3,
          grunt_orc_community_house_3, basic_altar
Elf:1:    eino_elf_arrival_the_gate, layout_geoelf_grid, serial_shops, shop,
          nicolae_shop_advertising_works [nicolae_subvault_shop_adworks],
          nicolae_shop_overgrown_old_shop, nicolae_elf_crossing_hall,
          kilobyte_rumbling_trees, minmay_shoptagon, uniq_jorgrun
Elf:2:    nicolae_elf_blades_splatter_lattice
          [nicolae_blade_entry_area_security], layout_geoelf_diagonals,
          portal_ice_cave_entry_dragon, serial_shops,
          nicolae_shop_bloodbath_and_beyond
Elf:3:    grunt_elf_hall_asides, layout_geoelf_grid, corexii_checkpoint,
          st_stairs_9
Vaults:1: v_misc_19, nicolae_vaults_trapezoid_4, nicolae_vaults_big_ls,
          vaults_room_corners, nicolae_vaults_closet_pinwheel_5,
          nicolae_vaults_tetromino_T_2, nicolae_vaults_apartment_1,
          nicolae_vaults_double_plus_1, vaults_dpeg_hooks,
          layout_vaults_omnigrid, enter_trove_6, uniq_norris, uniq_saint_roka
Vaults:2: nicolae_vaults_trapezoid_lopsided_4, nicolae_vaults_puzzle_piece,
          nicolae_vaults_tetromino_Z_2, v_misc_4, v_rooms_2,
          nicolae_vaults_frosty_reception, hangedman_vaults_corner,
          vaults_mumra_minichess_inversion, nicolae_vaults_house_1,
          layout_vaults_maze_bifur, uniq_sojobo
Vaults:3: grunt_vaults_funnel, minmay_crypt_entry_simple_box,
          nicolae_vaults_doubleplus_tesselated, dpeg_vaults_monster_box,
          hangedman_vaults_maws, nicolae_vaults_wine_cellar, v_rooms_3,
          nicolae_vaults_trapezoid_2, layout_vaults_omnicross, serial_shops,
          nicolae_shop_pleasant_corner_grove, uniq_frederick, uniq_mennas,
          uniq_xtahua
Vaults:4: nicolae_vaults_specimen_jars, vaults_mumra_chevron_long, v_misc_18,
          ontoclasm_vaults_misaligned, v_misc_18,
          nicolae_vaults_hexular_roomagon, v_misc_33,
          ontoclasm_vaults_decontamination, ontoclasm_vaults_shout, v_misc_30,
          ontoclasm_vaults_chip, nicolae_vaults_stepped_doors,
          layout_vaults_omnibox
Crypt:1:  layout_gridlike, st_burial_chamber, grunt_crypt_arrival_webbed,
          uniq_grunn
Crypt:2:  layout_rooms, mu_enter_wizlab_6, nzn_life_drinkers, uniq_vv
Crypt:3:  lightli_unholy_cathedral, layout_chaotic_city,
          nicolae_tomb_entry_grand_gallery
Depths:1: grunt_x_marks_the_spot, layout_cave_pools, pf_dread_powers_of_hell,
          abyss_entry_flame_altar, grunt_decor_resistance,
          rand_demon_pan_entry_8, serial_shops, nicolae_shop_real_fake_doors,
          drop_trap, minmay_misc_feat_columns, xom_confusion_cloud
Depths:2: minmay_imperfect_grid, layout_cave_pools, enter_ziggurat_f,
          rand_demon_pan_entry_5, minmay_misc_feat_nine_boxes, special_room
          [special_room_morgue], hell_entry
Depths:3: cheibrodos_poisonous_passages, layout_basic, basic_altar, abyss_entry,
          ebering_ghost_inner_flame, hell_entry, serial_bayou_shore_b
Depths:4: grunt_twist_and_shout, layout_gridville,
          nicolae_concentric_dashed_squares_wild, pan_entry, hell_entry,
          uniq_boris
Zot:1:    gammafunk_dig_for_victory, layout_cathedral_of_symmetry
Zot:2:    layout_misc_corridors, regret_index_zotdec_under_construction,
          grunt_megastairs_4

Skill      XL: |  1  2  3  4  5  6  7  8  9 10 11 12 13 14 15 16 17 18 19 20 21 22 23 24 |
---------------+-------------------------------------------------------------------------+-----
Throwing       | 2 |  2.0
Dodging        | 3 4 5 6 7 9 11 13 14 15 | 15.1
Short Blades   | 1 2 3 4 5 7 8 10 11 12 | 12.4
Fighting       | 3 4 5 7 8 10 11 13 14 15 17 18 19 20 21 22 23 25 26 27 | 27.0
Invocations    | 5 8 11 13 15 17 19 21 22 23 25 27 | 27.0
Stealth        | 4 7 10 11 14 16 | 16.0
Armour         | 2 6 7 8 10 11 13 14 15 | 15.1
Axes           | |  2.8

Action                     |  1- 3 |  4- 6 |  7- 9 | 10-12 | 13-15 | 16-18 | 19-21 | 22-24 || total
---------------------------+-------+-------+-------+-------+-------+-------+-------+-------++-------
  Melee: War axe           |    30 |       |       |       |       |       |       |       ||    30
         Dagger            |    79 |   348 |   328 |   679 |       |       |       |       ||  1434
         Punch             |     1 |     3 |     3 |       |       |       |       |       ||     7
         Kick              |       |       |    34 |   576 |  1088 |  1515 |  1780 |  2295 ||  7288
         Pair of quick bla |       |       |       |   710 |  2202 |  2868 |  2824 |  3551 || 12155
  Throw: Throwing net      |       |     3 |       |       |     2 |       |       |       ||     5
 Invoke: Draw Destruction  |       |       |       |     2 |     7 |     5 |    36 |     3 ||    53
         Draw Escape       |       |       |       |     2 |       |       |     3 |       ||     5
         Draw Summoning    |       |       |       |       |       |     3 |     8 |     3 ||    14
  Evoke: Phantom mirror    |       |       |       |       |     1 |       |       |       ||     1
         Lightning rod     |       |       |       |       |       |     2 |       |       ||     2
    Use: Potion            |     1 |       |       |     2 |     2 |     1 |     4 |     5 ||    15
         Scroll            |       |       |     5 |     5 |    18 |     4 |     8 |    11 ||    51
   Stab: Sleeping          |     1 |     3 |     3 |     6 |    22 |    46 |     8 |    41 ||   130
         Held in net/web   |       |     3 |       |       |     2 |     1 |       |       ||     6
         Distracted        |       |       |       |     1 |     4 |    11 |     4 |     2 ||    22
         Confused          |       |       |       |       |       |     1 |       |       ||     1
         Petrifying        |       |       |       |       |       |       |     2 |       ||     2
 Armour: Leather armour    |    44 |   149 |       |       |       |       |       |       ||   193
         Skin              |    84 |    24 |       |       |       |       |       |       ||   108
         Ring mail         |       |    50 |   197 |   512 |   397 |     5 |       |       ||  1161
         Scale mail        |       |       |       |       |       |   677 |   655 |   391 ||  1723
         Ice dragon scales |       |       |       |       |       |    21 |       |       ||    21
         Quicksilver drago |       |       |       |       |       |       |       |   242 ||   242
  Dodge: Dodged            |    40 |   257 |   245 |   474 |   300 |   484 |   630 |   646 ||  3076

Table legend: (Time is in decaauts)
 A = Elapsed time spent in this place.
 B = Non-inter-level travel time spent in this place.
 C = Inter-level travel time spent in this place.
 D = Time resting spent in this place.
 E = Time spent auto-exploring this place.
 F = Levels seen in this place.
 G = Mean time per level.
                   A        B        C        D        E       F      G
               +--------+--------+--------+--------+--------+-----+--------+
         Total |  62809 |  58264 |   4545 |  17709 |  27802 |  57 | 1101.9 |
       Dungeon |  17237 |  15224 |   2013 |   4311 |   7972 |  15 | 1149.1 |
        Temple |     34 |     18 |     16 |      0 |      0 |   1 |   34.0 |
          Lair |   5093 |   4706 |    387 |    249 |   3601 |   5 | 1018.6 |
         Swamp |   3199 |   3018 |    181 |    500 |   1978 |   4 |  799.8 |
   Spider Nest |   6606 |   6381 |    225 |   2722 |   2391 |   4 | 1651.5 |
  Orcish Mines |   1906 |   1803 |    103 |    308 |   1110 |   2 |  953.0 |
   Elven Halls |   4628 |   4417 |    211 |   1577 |   1592 |   3 | 1542.7 |
        Vaults |   8115 |   7344 |    771 |   2611 |   3737 |   4 | 2028.8 |
         Crypt |   3802 |   3725 |     77 |   1398 |   1547 |   3 | 1267.3 |
        Depths |   8073 |   7566 |    507 |   2697 |   3461 |   4 | 2018.2 |
           Zot |    757 |    708 |     49 |    184 |    202 |   2 |  378.5 |
         Abyss |    908 |    908 |      0 |    102 |      0 |   5 |  181.6 |
         Trove |     45 |     45 |      0 |      0 |      0 |   1 |   45.0 |
       Ossuary |    449 |    449 |      0 |    278 |      1 |   1 |  449.0 |
      Ice Cave |    670 |    670 |      0 |    264 |    110 |   1 |  670.0 |
        Wizlab |    552 |    552 |      0 |    166 |     26 |   1 |  552.0 |
      Gauntlet |    727 |    727 |      0 |    341 |     73 |   1 |  727.0 |
               +--------+--------+--------+--------+--------+-----+--------+

Top non-repeatable levels by time:
Vaults:3: 2606 daAuts
Vaults:1: 2310 daAuts
Spider:1: 2298 daAuts
Depths:1: 2266 daAuts
Depths:4: 2107 daAuts
Depths:3: 2079 daAuts
Spider:4: 1945 daAuts
    D:10: 1865 daAuts
     D:9: 1753 daAuts
   Elf:1: 1711 daAuts
 Crypt:3: 1697 daAuts
Vaults:2: 1628 daAuts
Depths:2: 1619 daAuts
    D:15: 1602 daAuts
     D:6: 1598 daAuts
